 Dungeon Crawl Stone Soup version 0.23.2-33-g5129a83184 (webtiles) character file.

Game seed: 920439247144458035

11 FishyPogo the Ruffian (level 2, 0/23 HPs)
             Began as a Draconian Transmuter on July 21, 2019.
             Was an Initiate of Qazlal.
             Slain by an adder (1 damage)
             ... on level 2 of the Dungeon.
             The game lasted 00:16:36 (1687 turns).

FishyPogo the Ruffian (Draconian Transmuter)        Turns: 1687, Time: 00:16:37

Health: 0/23       AC:  4    Str: 12    XL:     2   Next: 17%
Magic:  4/5        EV:  7    Int: 13    God:    Qazlal [......]
Gold:   18         SH:  9    Dex: 11    Spells: 2/5 levels left

rFire    . . .     SeeInvis .   b - +0 club
rCold    . . .     Gourm    .   e - -1 large shield (curse)
rNeg     . . .     Faith    .   (armour unavailable)
rPois    .         Spirit   .   (helmet restricted)
rElec    .         Reflect  .   (no cloak)
rCorr    .         Harm     .   (no gloves)
MR       .....                  (no boots)
Stlth    +.........             (no amulet)
HPRegen  0.07/turn              (no ring)
MPRegen  0.09/turn              (no ring)

@: lethally poisoned (0 -> -2)
A: unfitting armour, cold-blooded, AC +4
a: Renounce Religion


You were on level 2 of the Dungeon.
You worshipped Qazlal.
Qazlal was noncommittal.
You were hungry.

You visited 1 branch of the dungeon, and saw 2 of its levels.

You collected 18 gold pieces.

Inventory:

Hand Weapons
 b - a +0 club (weapon)
 h - a +0 dagger
 k - a +0 dagger
Missiles
 a - 23 arrows
 d - 16 poisoned needles (quivered)
 g - 2 throwing nets
Armour
 e - a cursed -1 large shield (worn)
 j - a cursed +0 ring mail
Potions
 f - a potion of cancellation {unknown}
Comestibles
 c - 2 rations
 i - a chunk of flesh


   Skills:
 + Level 1.1 Fighting
 + Level 2.0 Dodging
 + Level 0.2 Stealth
 + Level 3.2 Unarmed Combat
 + Level 2.2 Spellcasting
 + Level 2.0 Transmutations


You had 2 spell levels left.
You knew the following spells:

 Your Spells              Type           Power        Failure   Level  Hunger
a - Beastly Appendage     Tmut           #.....       95%         1    ##.....
b - Sticks to Snakes      Tmut           #.......     99%         2    ###....

Your spell library contained the following spells:

 Spells                   Type           Power        Failure   Level  Hunger
 Spider Form              Tmut/Pois      #.........   100%        3    ####...
 Ice Form                 Ice/Tmut       #.......     100%        4    #####..
 Blade Hands              Tmut           #.........   100%        5    ######.


Dungeon Overview and Level Annotations

Branches:
Dungeon (2/15)

Altars:
Qazlal


Innate Abilities, Weirdness & Mutations

Your plain brown scales are hard. (AC +4)
You cannot fit into any form of body armour.
You are cold-blooded and may be slowed by cold attacks.


Message History

You feel sick. You block the adder's attack. x2
Your shield prevents you from hitting the adder.
The adder bites you but does no damage.
Okay, then.
Okay, then.
Casting: Beastly Appendage (safe; 95% risk of failure)
Confirm with . or Enter, or press ? or * to list all spells.
The spell is very dangerous to cast (99% risk of failure)!
Continue anyway?
Okay, then.
Unknown command.
Unknown command.
You hit the adder but do no damage. You tail-slap the adder.
The adder is lightly wounded.
* * * LOW HITPOINT WARNING * * *
You feel sick. The adder bites you.
* * * LOW HITPOINT WARNING * * *
You block the adder's attack.
Your shield prevents you from hitting the adder.
The adder barely misses you. The adder bites you.
You die...

#.###.##.# #.# #.##.# #.#
#.##.# #.# #..... # #.#
###... #. ####.# #.... # ..
###.##.# #.....
....#.#######......##......
.........S@†........+......
....#######.......###......
# #_#.#.#.# ##.....
#.#.###.# #..#÷##.#
#.###.#.# #.. .#.# #.# ..
#.. ...


You could see an adder.

Vanquished Creatures
  A giant cockroach (D:1)
  3 goblins
  A ball python (D:1)
  4 bats
  A kobold (D:2)
  2 rats
12 creatures vanquished.

Notes
Turn   | Place    | Note
-------+----------+-------------------------------------------
     0 | D:1      | FishyPogo the Draconian Transmuter began the quest for the
                  | Orb.
     0 | D:1      | Reached XP level 1. HP: 16/16 MP: 3/3
  1599 | D:2      | Found a stormy altar of Qazlal.
  1614 | D:2      | Reached XP level 2. HP: 23/23 MP: 5/5
  1618 | D:2      | Learned a level 2 spell: Sticks to Snakes
  1657 | D:2      | Became a worshipper of Qazlal Stormbringer
  1686 | D:2      | HP: 1/23 [adder (1)]
  1687 | D:2      | Slain by an adder

Skill      XL: |  1  2 |
---------------+-------+-----
Dodging        | 2 |  2.0
Fighting       | |  1.1
Stealth        | |  0.2
Unarmed Combat | |  3.2
Spellcasting   | |  2.2
Transmutations | |  2.0

Action                   || total
-------------------------++-------
Melee: Club              ||    51
       Kick              ||     3
       Tailslap          ||     4
       Unarmed           ||     1
 Cast: Beastly Appendage ||     6
       Sticks to Snakes  ||     2
  Use: Scroll            ||     1
  Eat: Chunk             ||     2
Armor: Skin              ||    33
Dodge: Dodged            ||    52
Block: Large shield      ||     3
